[ AOE2 MATCH · #504746803 ]
UnrankedBerbers vs Sicilians
Player's team · WIN
Rival team · LOSS
[ REPLAY ANALYSIS · EXTRACTED FROM THE RECORDED GAME ]
Feudal
13:13
Castle
23:40
Imperial
—
| APM avg | 74.3 |
| APM peak | 111 |
| eAPM avg | 32.1 |
| Villagers / military | 67 / 45 |
Focus
⚔️ 39.4% · 🌾 60.6%
Scout Cavalry ×20 · Knight ×13 · Battering Ram ×6 · Militia ×3 · Scorpion ×2 · Mangonel ×1
Feudal
11:37
Castle
23:29
Imperial
—
| APM avg | 56.4 |
| APM peak | 102 |
| eAPM avg | 36.6 |
| Villagers / military | 90 / 56 |
Focus
⚔️ 52.3% · 🌾 47.7%
Archer ×50 · Militia ×5 · Mangonel ×1
Match map
Initial resources + every placement click. Lines = walls · curves = elevation contours. ◆ gold · ⬟ stone · ● berries · ✦ relic · ◌ wall gap
Your base· Open — unwalled flank
MattAtArms's base· ✓ Closed at 23:29 · 53t walls · 1 gate(s)
Smoothed initial terrain · ◌ = detected wall gap · hover for details
Inputs per minute
— -GNG-OverHabit - - MattAtArms
Build order — -GNG-OverHabit
First 150 of 234 actions detected
| 0:00 | Queue | Villager (Male) |
| 0:00 | Queue | Villager (Male) |
| 0:01 | Queue | Villager (Male) |
| 0:01 | Build | House |
| 0:02 | Build | House |
| 0:04 | Queue | Villager (Male) |
| 0:04 | Queue | Villager (Male) |
| 1:34 | Queue | Villager (Male) |
| 1:35 | Queue | Villager (Male) |
| 1:35 | Queue | Villager (Male) |
| 1:55 | Queue | Villager (Male) |
| 1:55 | Queue | Villager (Male) |
| 2:11 | Build | Barracks |
| 2:23 | Queue | Villager (Male) |
| 2:23 | Queue | Villager (Male) |
| 2:55 | Queue | Villager (Male) |
| 2:56 | Queue | Villager (Male) |
| 2:59 | Build | House |
| 3:14 | Queue | Militia |
| 3:24 | Queue | Villager (Male) |
| 3:25 | Queue | Villager (Male) |
| 3:44 | Queue | Villager (Male) |
| 4:03 | Queue | Militia |
| 4:04 | Queue | Militia |
| 4:15 | Research | Loom |
| 4:39 | Queue | Villager (Male) |
| 5:01 | Queue | Villager (Male) |
| 5:18 | Queue | Villager (Male) |
| 5:40 | Build | Lumber Camp |
| 5:57 | Queue | Villager (Male) |
| 6:20 | Build | House |
| 6:22 | Build | Palisade Wall |
| 6:25 | Queue | Villager (Male) |
| 6:36 | Build | Palisade Wall |
| 6:40 | Queue | Villager (Male) |
| 6:47 | Build | House |
| 7:18 | Queue | Villager (Male) |
| 7:20 | Build | Mill |
| 7:32 | Queue | Villager (Male) |
| 7:39 | Build | Palisade Wall |
| 8:00 | Build | Palisade Wall |
| 8:02 | Build | Palisade Wall |
| 8:07 | Queue | Villager (Male) |
| 8:16 | Queue | Villager (Male) |
| 8:23 | Queue | Villager (Male) |
| 8:32 | Build | Farm |
| 8:39 | Queue | Villager (Male) |
| 8:39 | Build | Farm |
| 8:41 | Build | Farm |
| 8:48 | Build | Palisade Wall |
| 8:59 | Build | Palisade Wall |
| 8:59 | Queue | Villager (Male) |
| 9:05 | Build | Palisade Wall |
| 9:21 | Build | Palisade Wall |
| 9:33 | Queue | Villager (Male) |
| 9:37 | Build | Farm |
| 9:38 | Build | Farm |
| 9:43 | Build | Palisade Wall |
| 9:48 | Build | Palisade Wall |
| 9:51 | Build | Palisade Wall |
| 9:52 | Build | Palisade Wall |
| 9:56 | Build | House |
| 9:59 | Build | Farm |
| 10:07 | Queue | Villager (Male) |
| 10:13 | Build | Palisade Wall |
| 10:35 | Build | Palisade Wall |
| 10:51 | Build | Mining Camp |
| 10:54 | Research | Feudal Age |
| 10:55 | Research | Feudal Age |
| 11:18 | Build | Palisade Wall |
| 11:35 | Build | House |
| 11:51 | Build | Palisade Wall |
| 11:51 | Build | Palisade Wall |
| 12:02 | Build | Palisade Wall |
| 12:23 | Build | Palisade Gate |
| 12:38 | Build | House |
| 12:42 | Build | Palisade Wall |
| 12:55 | Build | Farm |
| 12:58 | Build | Palisade Wall |
| 13:02 | Build | Palisade Gate |
| 13:04 | Build | Palisade Wall |
| 13:13 | Age | Feudal Age |
| 13:16 | Build | Palisade Wall |
| 13:23 | Build | Palisade Gate |
| 13:25 | Build | Palisade Wall |
| 13:46 | Build | Stable |
| 13:47 | Queue | Villager (Male) |
| 14:00 | Research | Double-Bit Axe |
| 14:00 | Research | Double-Bit Axe |
| 14:15 | Build | Palisade Wall |
| 14:20 | Queue | Villager (Male) |
| 14:21 | Research | Bloodlines |
| 14:22 | Research | Bloodlines |
| 14:27 | Build | Palisade Wall |
| 14:28 | Build | Palisade Wall |
| 14:47 | Queue | Villager (Male) |
| 15:03 | Build | Farm |
| 15:12 | Queue | Scout Cavalry |
| 15:14 | Queue | Villager (Male) |
| 15:17 | Build | Stable |
| 15:31 | Queue | Scout Cavalry |
| 15:35 | Queue | Villager (Male) |
| 15:49 | Build | Farm |
| 16:00 | Queue | Villager (Male) |
| 16:12 | Queue | Scout Cavalry |
| 16:14 | Queue | Villager (Male) |
| 16:20 | Build | Farm |
| 16:29 | Queue | Villager (Male) |
| 16:34 | Queue | Scout Cavalry |
| 16:49 | Queue | Scout Cavalry |
| 16:49 | Queue | Villager (Male) |
| 16:52 | Build | Farm |
| 16:52 | Build | Farm |
| 16:54 | Build | Farm |
| 16:54 | Build | Farm |
| 17:10 | Build | Farm |
| 17:11 | Queue | Villager (Male) |
| 17:13 | Research | Horse Collar |
| 17:13 | Research | Horse Collar |
| 17:14 | Research | Horse Collar |
| 17:23 | Build | Palisade Wall |
| 17:27 | Queue | Scout Cavalry |
| 17:27 | Queue | Scout Cavalry |
| 17:36 | Build | House |
| 17:54 | Queue | Villager (Male) |
| 17:58 | Build | Lumber Camp |
| 18:01 | Queue | Scout Cavalry |
| 18:02 | Queue | Scout Cavalry |
| 18:10 | Build | House |
| 18:13 | Queue | Villager (Male) |
| 18:22 | Queue | Villager (Male) |
| 18:33 | Queue | Villager (Male) |
| 18:37 | Build | House |
| 19:00 | Build | House |
| 19:10 | Build | House |
| 19:11 | Build | House |
| 19:28 | Build | Market |
| 19:32 | Build | House |
| 19:33 | Build | House |
| 19:48 | Queue | Villager (Male) |
| 20:07 | Build | Farm |
| 20:07 | Build | Farm |
| 20:09 | Build | Farm |
| 20:09 | Build | Farm |
| 20:20 | Queue | Villager (Male) |
| 20:25 | Build | House |
| 20:29 | Build | Farm |
| 20:31 | Build | Farm |
| 20:39 | Build | House |
| 20:41 | Build | Palisade Wall |
Build order — MattAtArms
First 150 of 236 actions detected
| 0:00 | Queue | Villager (Male) |
| 0:00 | Queue | Villager (Male) |
| 0:01 | Build | House |
| 0:02 | Build | House |
| 0:04 | Queue | Villager (Male) |
| 0:06 | Queue | Villager (Male) |
| 1:11 | Queue | Villager (Male) |
| 1:25 | Build | House |
| 1:46 | Build | Mill |
| 1:57 | Queue | Villager (Male) |
| 2:16 | Queue | Villager (Male) |
| 2:40 | Queue | Villager (Male) |
| 3:15 | Queue | Villager (Male) |
| 3:30 | Queue | Villager (Male) |
| 3:57 | Queue | Villager (Male) |
| 4:31 | Queue | Villager (Male) |
| 4:33 | Queue | Villager (Male) |
| 4:36 | Queue | Villager (Male) |
| 5:18 | Build | Lumber Camp |
| 5:27 | Queue | Villager (Male) |
| 5:53 | Research | Loom |
| 5:55 | Queue | Villager (Male) |
| 5:57 | Research | Loom |
| 6:11 | Build | Palisade Wall |
| 6:12 | Build | Palisade Wall |
| 6:13 | Build | Palisade Wall |
| 6:16 | Build | Palisade Wall |
| 6:18 | Build | Palisade Wall |
| 6:26 | Build | House |
| 6:30 | Build | House |
| 6:37 | Build | House |
| 6:41 | Queue | Villager (Male) |
| 6:46 | Build | Palisade Wall |
| 7:00 | Build | Palisade Wall |
| 7:02 | Build | Barracks |
| 7:04 | Queue | Villager (Male) |
| 7:18 | Queue | Villager (Male) |
| 7:52 | Queue | Villager (Male) |
| 8:08 | Queue | Villager (Male) |
| 8:15 | Queue | Villager (Male) |
| 9:27 | Research | Feudal Age |
| 9:45 | Build | Mill |
| 9:53 | Queue | Militia |
| 9:54 | Queue | Militia |
| 10:04 | Build | Mining Camp |
| 10:05 | Queue | Militia |
| 10:05 | Queue | Militia |
| 10:30 | Queue | Villager (Male) |
| 10:35 | Queue | Villager (Male) |
| 10:39 | Build | Farm |
| 10:39 | Build | Farm |
| 10:59 | Queue | Militia |
| 11:09 | Build | House |
| 11:19 | Queue | Villager (Male) |
| 11:31 | Queue | Villager (Male) |
| 11:37 | Age | Feudal Age |
| 11:44 | Research | Man-at-Arms (upgrade) |
| 11:48 | Queue | Villager (Male) |
| 12:00 | Queue | Villager (Male) |
| 12:40 | Build | Archery Range |
| 12:40 | Queue | Villager (Male) |
| 12:57 | Research | Double-Bit Axe |
| 13:00 | Build | House |
| 13:17 | Queue | Villager (Male) |
| 13:29 | Queue | Archer |
| 13:30 | Queue | Archer |
| 13:35 | Build | Farm |
| 13:35 | Build | Farm |
| 13:46 | Build | Palisade Gate |
| 13:48 | Build | House |
| 13:49 | Build | Palisade Wall |
| 13:51 | Queue | Archer |
| 13:52 | Queue | Villager (Male) |
| 14:07 | Build | Farm |
| 14:12 | Queue | Villager (Male) |
| 14:12 | Queue | Villager (Male) |
| 14:21 | Build | House |
| 14:21 | Build | Palisade Wall |
| 14:24 | Build | Farm |
| 14:28 | Queue | Archer |
| 14:36 | Build | Farm |
| 14:48 | Build | Farm |
| 14:49 | Queue | Villager (Male) |
| 14:57 | Queue | Archer |
| 14:58 | Queue | Villager (Male) |
| 15:06 | Build | Palisade Wall |
| 15:20 | Queue | Archer |
| 15:20 | Queue | Villager (Male) |
| 15:32 | Build | Blacksmith |
| 15:34 | Build | Palisade Wall |
| 15:38 | Queue | Villager (Male) |
| 15:42 | Build | Farm |
| 15:54 | Build | Palisade Wall |
| 15:55 | Build | Palisade Wall |
| 15:56 | Build | Palisade Wall |
| 16:00 | Queue | Archer |
| 16:00 | Queue | Villager (Male) |
| 16:03 | Queue | Villager (Male) |
| 16:12 | Queue | Archer |
| 16:13 | Queue | Villager (Male) |
| 16:18 | Research | Fletching |
| 16:22 | Queue | Villager (Male) |
| 16:52 | Queue | Archer |
| 16:53 | Queue | Villager (Male) |
| 16:58 | Build | Farm |
| 16:58 | Build | Farm |
| 17:00 | Queue | Villager (Male) |
| 17:04 | Build | Farm |
| 17:17 | Build | Farm |
| 17:18 | Build | Farm |
| 17:18 | Build | Farm |
| 17:21 | Queue | Archer |
| 17:26 | Queue | Villager (Male) |
| 17:38 | Queue | Villager (Male) |
| 17:48 | Build | House |
| 17:53 | Build | Farm |
| 18:10 | Queue | Archer |
| 18:11 | Queue | Villager (Male) |
| 18:25 | Queue | Villager (Male) |
| 18:44 | Queue | Archer |
| 18:45 | Queue | Villager (Male) |
| 18:49 | Build | Farm |
| 18:51 | Queue | Villager (Male) |
| 18:52 | Queue | Villager (Male) |
| 19:23 | Build | Farm |
| 19:24 | Build | Farm |
| 19:36 | Build | Farm |
| 19:40 | Queue | Villager (Male) |
| 20:06 | Build | Farm |
| 20:24 | Research | Gold Mining |
| 20:35 | Build | Palisade Wall |
| 20:36 | Build | House |
| 20:36 | Build | House |
| 20:49 | Research | Castle Age |
| 20:51 | Research | Padded Archer Armor |
| 20:51 | Research | Padded Archer Armor |
| 20:54 | Build | Archery Range |
| 21:04 | Build | Lumber Camp |
| 21:19 | Queue | Archer |
| 21:32 | Research | Horse Collar |
| 21:46 | Queue | Archer |
| 21:46 | Queue | Archer |
| 21:57 | Queue | Archer |
| 21:58 | Queue | Archer |
| 22:02 | Queue | Archer |
| 22:03 | Queue | Villager (Male) |
| 22:09 | Queue | Archer |
| 22:31 | Queue | Villager (Male) |
| 22:56 | Queue | Archer |
| 22:56 | Queue | Archer |
Match timeline
| 2:11 | -GNG-OverHabit · first_building Barracks |
| 6:11 | MattAtArms · wall_segment Palisade Wall x1 |
| 6:12 | MattAtArms · wall_segment Palisade Wall x1 |
| 6:13 | MattAtArms · wall_segment Palisade Wall x1 |
| 6:16 | MattAtArms · wall_segment Palisade Wall x1 |
| 6:18 | MattAtArms · wall_segment Palisade Wall x1 |
| 6:22 | -GNG-OverHabit · wall_segment Palisade Wall x1 |
| 6:36 | -GNG-OverHabit · wall_segment Palisade Wall x3 |
| 6:46 | MattAtArms · wall_segment Palisade Wall x1 |
| 7:00 | MattAtArms · wall_segment Palisade Wall x1 |
| 7:02 | MattAtArms · first_building Barracks |
| 7:39 | -GNG-OverHabit · wall_segment Palisade Wall x1 |
| 8:00 | -GNG-OverHabit · wall_segment Palisade Wall x1 |
| 8:02 | -GNG-OverHabit · wall_segment Palisade Wall x1 |
| 8:48 | -GNG-OverHabit · wall_segment Palisade Wall x1 |
| 8:59 | -GNG-OverHabit · wall_segment Palisade Wall x1 |
| 9:05 | -GNG-OverHabit · wall_segment Palisade Wall x1 |
| 9:21 | -GNG-OverHabit · wall_segment Palisade Wall x1 |
| 9:43 | -GNG-OverHabit · wall_segment Palisade Wall x1 |
| 9:48 | -GNG-OverHabit · wall_segment Palisade Wall x1 |
| 9:51 | -GNG-OverHabit · wall_segment Palisade Wall x2 |
| 9:52 | -GNG-OverHabit · wall_segment Palisade Wall x2 |
| 10:13 | -GNG-OverHabit · wall_segment Palisade Wall x1 |
| 10:35 | -GNG-OverHabit · wall_segment Palisade Wall x1 |
| 11:18 | -GNG-OverHabit · wall_segment Palisade Wall x8 |
| 11:37 | MattAtArms · age_up feudal |
| 11:51 | -GNG-OverHabit · wall_segment Palisade Wall x1 |
| 11:51 | -GNG-OverHabit · wall_segment Palisade Wall x1 |
| 12:02 | -GNG-OverHabit · wall_segment Palisade Wall x1 |
| 12:40 | MattAtArms · first_building Archery Range |
| 12:42 | -GNG-OverHabit · wall_segment Palisade Wall x1 |
| 12:58 | -GNG-OverHabit · wall_segment Palisade Wall x5 |
| 13:04 | -GNG-OverHabit · wall_segment Palisade Wall x1 |
| 13:13 | -GNG-OverHabit · age_up feudal |
| 13:16 | -GNG-OverHabit · wall_segment Palisade Wall x1 |
| 13:25 | -GNG-OverHabit · wall_segment Palisade Wall x1 |
| 13:46 | -GNG-OverHabit · first_building Stable |
| 13:49 | MattAtArms · wall_segment Palisade Wall x6 |
| 14:15 | -GNG-OverHabit · wall_segment Palisade Wall x1 |
| 14:21 | MattAtArms · wall_segment Palisade Wall x5 |
| 14:27 | -GNG-OverHabit · wall_segment Palisade Wall x1 |
| 14:28 | -GNG-OverHabit · wall_segment Palisade Wall x3 |
| 15:06 | MattAtArms · wall_segment Palisade Wall x9 |
| 15:34 | MattAtArms · wall_segment Palisade Wall x9 |
| 15:54 | MattAtArms · wall_segment Palisade Wall x6 |
| 15:55 | MattAtArms · wall_segment Palisade Wall x6 |
| 15:56 | MattAtArms · wall_segment Palisade Wall x5 |
| 17:23 | -GNG-OverHabit · wall_segment Palisade Wall x10 |
| 20:35 | MattAtArms · wall_segment Palisade Wall x1 |
| 20:41 | -GNG-OverHabit · wall_segment Palisade Wall x9 |
| 20:50 | -GNG-OverHabit · first_market_sell 100 stone |
| 20:50 | -GNG-OverHabit · first_market_buy 100 food |
| 23:29 | MattAtArms · age_up castle |
| 23:40 | -GNG-OverHabit · age_up castle |
| 23:44 | -GNG-OverHabit · first_building Siege Workshop |
| 26:28 | -GNG-OverHabit · first_building Monastery |
| 26:37 | MattAtArms · first_building Siege Workshop |
| 29:02 | MattAtArms · resign |
[ AI ANALYSIS · 1 CREDIT ]
What really happened in this match?
Wolo.gg analyzes every decision: build order, eco, micro, common mistakes by bracket. Personalized analysis on WhatsApp or Discord in 30 seconds.
Civ guide
Berbers
Perfil
Jugador #10111805